Map: [ESL] Site Delta

Players

Stephano

  • Race: Zerg Zerg
  • Spawn Location: 11:00

ForJumY - Winner!

  • Race: Protoss Protoss
  • League: Grandmaster
  • Spawn Location: 5:00

Event: HomeStory Cup XXIV

VOD

Have the link to the VOD?

Description

Time

  • Played on: Dec. 2, 2023, 9:14 a.m.
  • Length: 12:03

All games in this series

Show
View Real Time Build Order
Export as new Build Order

Stephano Zerg 

Build Orders: Hatch First 

Get SALT Encoding   

  12  0:00  Drone  
  13  0:12  Overlord  
  13  0:17  Drone  
  14  0:30  Drone  
  15  0:42  Drone  
  16  0:49  Hatchery  
  15  0:52  Drone  
  15  0:55  Drone  
  17  0:59  Drone  
  18  1:09  Extractor  
  17  1:14  Spawning Pool  
  17  1:18  Drone  
  17  1:21  Drone  
  18  1:27  Drone  
  19  1:38  Drone  
  20  1:49  Drone  
  22  2:01  Zergling x2, Queen x2  
  22  2:02  Drone  
  27  2:13  Metabolic Boost  
  27  2:17  Overlord  
  27  2:27  Hatchery  
  26  2:30  Drone  
  26  2:35  Zergling x2  
  26  2:36  Drone  
  29  2:43  Queen  
  31  2:48  Drone x2  
  33  2:52  Overlord  
  33  2:56  Overlord  
  33  3:01  Drone x2  
  33  3:04  Drone  
  36  3:16  Overlord  
  36  3:17  Drone x2  
  38  3:20  Drone x2  
  38  3:22  Queen  
  42  3:27  Spore Crawler  
  42  3:34  Drone x3  
  43  3:37  Drone  
  45  3:41  Drone x2  
  45  3:45  Queen  
  49  3:51  Roach Warren  
  49  3:54  Drone x3  
  49  3:55  Overlord  
  51  4:03  Queen  
  51  4:07  Zergling x8  
  57  4:12  Spore Crawler  
  57  4:16  Zergling x10  
  61  4:22  Zergling x2  
  61  4:23  Zergling x6  
  65  4:26  Spore Crawler  
  64  4:34  Zergling x2  
  64  4:37  Overlord  
  65  4:44  Overlord  
  64  4:52  Spore Crawler  
  63  4:54  Drone x3  
  63  4:55  Overlord  
  63  4:57  Drone x6  
  63  4:58  Drone  
  73  5:05  Lair  
  73  5:09  Overlord  
  72  5:20  Drone x3  
  72  5:21  Drone x3  
  75  5:24  Drone x7  
  75  5:27  Extractor x2  
  75  5:28  Evolution Chamber  
  79  5:49  Overlord  
  76  5:50  Drone x3  
  76  5:51  Drone x3  
  76  5:57  Overlord  
  82  5:59  Extractor  
  81  6:05  Hatchery  
  78  6:13  Roach x11  
  97  6:28  Drone x3  
  97  6:29  Drone x2  
  102  6:36  Roach x2  
  102  6:38  Zerg Missile Weapons Level 1  
  102  6:39  Glial Reconstitution  
  108  6:51  Roach x4  
  108  6:53  Overlord x2  
  114  7:07  Queen  
  114  7:10  Queen  
  116  7:19  Queen x2  
  116  7:20  Overlord x3  
  116  7:21  Overlord x2  
  118  7:24  Extractor  
  118  7:29  Overlord  
  112  7:52  Roach  
  112  7:53  Roach x15  
  143  7:58  Ravager x3  
  143  7:59  Ravager  
  140  8:15  Roach x8  
  153  8:28  Roach x5  
  153  8:30  Queen  
  153  8:32  Queen  
  167  8:35  Zergling x8, Queen  
  159  8:48  Drone  
  159  8:49  Drone x8  
  160  9:02  Roach x4  
  164  9:08  Queen  
  166  9:16  Queen  
  166  9:20  Queen  
  168  9:24  Drone  
  168  9:25  Drone x2, Spore Crawler  
  168  9:26  Zergling x18  
  168  9:27  Ravager x4  
  183  9:37  Overlord  
  183  9:43  Overlord  
  183  9:44  Overlord x2  
  183  9:51  Hatchery  
  182  9:59  Overlord  
  182  10:06  Roach  
  182  10:07  Roach x9  
  200  10:13  Overlord  
  200  10:14  Overlord  
  173  10:36  Roach x12  
  173  10:41  Roach x2  
  173  10:42  Roach x2  
  166  10:49  Roach x4  
  145  10:57  Roach x4  
  145  11:07  Roach x5  
Show
View Real Time Build Order
Export as new Build Order

ForJumY Protoss - Winner!

Build Orders: 1 Gate Expand, Colossus Rush 

Get SALT Encoding   

  12  0:00  Probe  
  13  0:12  Probe  
  14  0:18  Pylon  
  14  0:24  Probe (Chrono Boost)  
  15  0:36  Probe (Chrono Boost)  
  15  0:39  Gateway  
  16  0:45  Probe (Chrono Boost)  
  16  0:49  Assimilator  
  17  0:51  Probe  
  18  1:03  Probe  
  19  1:15  Probe  
  20  1:27  Nexus  
  20  1:38  Cybernetics Core  
  21  1:40  Probe  
  21  1:46  Assimilator  
  21  1:52  Probe  
  22  1:56  Pylon  
  22  2:05  Probe  
  23  2:15  Warp Gate, Stalker  
  25  2:17  Probe (Chrono Boost)  
  26  2:29  Probe (Chrono Boost)  
  27  2:34  Probe (Chrono Boost)  
  28  2:40  Probe (Chrono Boost)  
  30  2:45  Probe (Chrono Boost), Adept  
  30  2:49  Robotics Facility, Probe (Chrono Boost)  
  33  2:51  Probe (Chrono Boost)  
  33  2:55  Probe (Chrono Boost)  
  34  2:59  Probe  
  35  3:06  Probe  
  35  3:10  Gateway  
  35  3:11  Probe  
  37  3:17  Robotics Facility  
  37  3:19  Probe  
  38  3:24  Probe  
  39  3:28  Adept  
  39  3:31  Probe  
  42  3:37  Robotics Bay  
  42  3:39  Pylon  
  42  3:40  Probe  
  43  3:47  Warp Prism  
  45  3:50  Probe  
  46  3:57  Assimilator, Probe  
  46  3:58  Assimilator  
  46  4:00  Pylon  
  48  4:02  Probe  
  48  4:10  Probe  
  48  4:14  Probe  
  50  4:21  Disruptor (Chrono Boost)  
  50  4:22  Disruptor (Chrono Boost)  
  50  4:24  Gravitic Drive (Chrono Boost)  
  50  4:29  Pylon  
  58  4:31  Probe  
  58  4:34  Pylon  
  58  4:35  Adept  
  61  4:40  Probe  
  62  4:50  Adept  
  62  4:55  Warp Prism (Chrono Boost)  
  62  4:56  Disruptor (Chrono Boost)  
  66  5:03  Gateway  
  66  5:04  Gateway  
  62  5:21  Adept x2  
  62  5:22  Disruptor (Chrono Boost)  
  70  5:28  Gateway  
  70  5:30  Gateway  
  70  5:32  Pylon  
  76  5:45  Colossus (Chrono Boost)  
  76  5:52  Colossus (Chrono Boost)  
  82  5:58  Gateway  
  82  5:59  Gateway  
  82  6:00  Pylon  
  82  6:14  Stalker x2  
  86  6:30  Pylon x2  
  86  6:31  Pylon  
  86  6:36  Immortal (Chrono Boost)  
  94  6:42  Pylon  
  94  6:43  Immortal (Chrono Boost)  
  94  6:54  Stalker x3  
  100  7:02  Pylon  
  100  7:06  Observer (Chrono Boost)  
  101  7:14  Immortal (Chrono Boost)  
  105  7:28  Stalker x3  
  115  7:33  Immortal (Chrono Boost)  
  111  7:55  Stalker x3  
  121  7:59  Immortal (Chrono Boost)  
  121  8:01  Disruptor (Chrono Boost)  
  125  8:07  Stalker x3  
  125  8:11  Pylon  
  131  8:27  Stalker  
  131  8:31  Disruptor x2 (Chrono Boost)  
  133  9:02  Stalker x2  
  137  9:03  Zealot x2  
  137  9:09  Pylon  
  141  9:21  Pylon  
  141  9:27  Disruptor, Immortal  
  149  9:39  Pylon  
  149  9:41  Stalker x4  
  149  9:42  Pylon  
  149  9:43  Pylon  
  157  10:00  Stalker x4  
  165  10:11  Stalker x4  
  173  10:24  Stalker x3  
  169  10:43  Stalker x4  
  169  10:53  Stalker x2  
  165  11:07  Stalker x2  
Tags
 
Add a new tag
Caveats
  • Supply blocks, unpowered buildings, or Contaminate may cause inaccurate times.
  • Supply counts are checked every 10 seconds.